 Dungeon Crawl Stone Soup version 0.28.0-53-g5a82cb258f (webtiles) character file.

Game seed: 6268176781013530101

639 LustLizard the Chiller (level 7, -6/49 (52) HPs)
             Began as a Human Ice Elementalist on Aug 10, 2022.
             Mangled by a wraith (11 damage)
             ... in an ossuary.
             The game lasted 00:11:45 (3942 turns).

LustLizard the Chiller (Human Ice Elementalist)     Turns: 3942, Time: 00:11:46

HP:   -6/49 (52)    AC:  3    Str: 10    XL:     7   Next: 80%
MP:   9/12          EV: 12    Int: 16    God:
Gold: 140           SH:  0    Dex: 13    Spells: 7/13 levels left

rFire   . . .      SeeInvis .   D - +4 spear
rCold   . . .      Faith    .   (no shield)
rNeg    . . .      Spirit   .   a - +0 robe
rPois   .          Reflect  .   (no helmet)
rElec   .          Harm     .   (no cloak)
rCorr   .          Rampage  .   (no gloves)
Will    .....                   j - +0 pair of boots
Stlth   ++........              c - amulet of regeneration
HPRegen 0.96/turn               (no ring)
MPRegen 0.13/turn               (no ring)

@: slowed, drained, very slow
A: no striking features
a: no special abilities


You were in an ossuary.
You visited 1 branch of the dungeon, and saw 4 of its levels.
You also visited: Ossuary.

You collected 140 gold pieces.

Inventory:

Hand Weapons
 b - a +0 spear
 D - a +4 spear (weapon)
Missiles
 h - 9 poisoned darts (quivered)
 m - 7 boomerangs
Armour
 a - a +0 robe (worn)
 j - a +0 pair of boots (worn)
Magical Staves
 l - a staff of fire
Jewellery
 c - an amulet of regeneration (around neck)
Wands
 u - a wand of flame (41)
 w - a wand of paralysis (8)
 y - a wand of charming (9)
Scrolls
 d - 2 scrolls of teleportation {unknown}
 e - 4 scrolls of identify {unknown}
 n - a scroll of amnesia {unknown}
 o - a scroll of noise {unknown}
 p - a scroll of magic mapping {unknown}
 q - a scroll of fear {unknown}
 r - 2 scrolls of blinking {unknown}
 s - a scroll of brand weapon {unknown}
 x - a scroll of fog {unknown}
 C - a scroll of enchant armour {unknown}
Potions
 f - 2 potions of might {unknown}
 g - 2 potions of resistance {unknown}
 i - 3 potions of heal wounds {unknown}
 k - 2 potions of attraction {unknown}
 t - 2 potions of haste {unknown}
 v - a potion of degeneration {unknown}
 z - a potion of mutation {unknown}
 A - 2 potions of magic {unknown}
 B - a potion of ambrosia {unknown}


   Skills:
 + Level 3.2 Fighting
 - Level 2.0 Dodging
 - Level 4.0 Stealth
 + Level 3.6 Spellcasting
 * Level 6.4 Ice Magic
 * Level 1.3 Evocations


You had 7 spell levels left.
You knew the following spells:

 Your Spells              Type           Power      Damage    Failure   Level
a - Freeze                Ice            92%        1d10      1%          1
b - Ensorcelled Hibernat  Hex/Ice        26%        N/A       7%          2
c - Frozen Ramparts       Ice            46%        1d6       3%          3

Your spell library contained the following spells:

 Spells                   Type           Power      Damage    Failure   Level
 Ozocubu's Armour         Ice            23%        N/A       3%          3
 Hailstorm                Conj/Ice       13%        3d5       43%         4
 Spider Form              Tmut/Pois      2%         N/A       47%         3
 Anguish                  Hex/Necr       1%         N/A       87%         4


Dungeon Overview and Level Annotations

Branches:
Dungeon (4/15)            Ossuary (1/1)
 Temple: D:4-7

Altars:
Gozag


Message History

The wraith is lightly damaged.
The wraith resists.
The wall freezes the wraith.
The wraith misses you.
You closely miss the wraith.
The wraith is lightly damaged.
The flying skull gives a hideous shriek!
The wraith resists.
The wall freezes the wraith.
The wraith hits you!
You hit the wraith but do no damage.
The wraith is lightly damaged.
The wraith resists.
The wall freezes the wraith.
The wraith hits you.
You closely miss the wraith.
The wraith is lightly damaged.
The wraith resists.
The wall freezes the wraith.
The wraith barely misses you.
You barely miss the wraith.
The wraith is moderately damaged.
The wraith resists.
The wall freezes the wraith.
The wraith hits you!
You closely miss the wraith.
The wraith is moderately damaged.
The frozen ramparts melt away.
The wraith hits you.
You are too injured to fight recklessly!
You puncture the wraith!
The wraith is heavily damaged.
The wraith hits you!
* * * LOW HITPOINT WARNING * * *
You hit the wraith.
The wraith is heavily damaged.
The wraith hits you!
* * * LOW HITPOINT WARNING * * *
The wraith drains your vigour!
You feel yourself slow down. The wraith hits you.
* * * LOW HITPOINT WARNING * * *
The wraith drains your vigour!
You feel as though you will be slow longer.
Casting: Frozen Ramparts (dangerous; 3% risk of failure)
Confirm with . or Enter, or press ? or * to list all spells.
Aiming: Freeze (safe; 1% risk of failure)
Press: ? - help, Shift-Dir - straight line, f - wraith
Aim: a wraith (heavily damaged)
You freeze the wraith but do no damage.
The wraith completely resists.
The wraith hits you!
You die...

#...............#
#.###.......###.##
#.#z#.......#z#.'.
#.###.......###.##
#...............#
#.###..###..###.#
#.#.#..#z#..# #.#
#.W##..###..# +.#
#@........... ..#
#################


You could see a wraith and a flying skull.

Vanquished Creatures
  A centaur (D:4)
  An ogre (D:4)
  A wight (Ossuary)
  5 hounds
  A jelly (D:4)
  An iguana (D:3)
  An orc wizard (D:3)
  4 gnolls (D:4)
  8 adders
  An ufetubus (D:4)
  2 worms (D:3)
  A dart slug (D:4)
  10 orcs
  7 endoplasms
  A giant cockroach (D:4)
  6 goblins
  5 hobgoblins
  4 quokkas
  4 ball pythons
  2 ball python skeletons (Ossuary)
  3 bats
  5 frilled lizards
  A hobgoblin skeleton (Ossuary)
  A hobgoblin zombie (Ossuary)
  6 kobolds
  2 kobold zombies (Ossuary)
  2 orc skeletons (Ossuary)
  An orc zombie (Ossuary)
  A quokka skeleton (D:4)
  3 rats
91 creatures vanquished.

Notes
Turn   | Place    | Note
-------+----------+-------------------------------------------
     0 | D:1      | LustLizard the Human Ice Elementalist began the quest for
                  | the Orb.
     0 | D:1      | Reached XP level 1. HP: 13/13 MP: 3/3
   399 | D:1      | Reached XP level 2. HP: 20/20 MP: 3/5
   666 | D:1      | Found a faded altar of an unknown god.
  1289 | D:2      | Learned a level 2 spell: Ensorcelled Hibernation
  1377 | D:2      | Reached XP level 3. HP: 25/25 MP: 4/6
  1471 | D:2      | Found an opulent altar of Gozag.
  1963 | D:2      | Reached skill level 1 in Fighting
  2312 | D:3      | Reached XP level 4. HP: 9/32 MP: 1/7
  2405 | D:3      | Reached XP level 5. HP: 28/37 MP: 0/8
  2538 | D:3      | Reached skill level 5 in Ice Magic
  2661 | D:3      | Learned a level 3 spell: Frozen Ramparts
  2731 | D:3      | Reached XP level 6. HP: 38/44 MP: 3/10
  3431 | D:4      | Noticed an ogre
  3487 | D:4      | Killed an ogre
  3488 | D:4      | Reached XP level 7. HP: 51/51 MP: 5/11
  3640 | D:4      | Reached skill level 6 in Ice Magic
  3671 | D:4      | Reached skill level 1 in Evocations
  3694 | D:4      | Found a sand-covered staircase.
  3699 | Ossuary  | Entered an ossuary
  3838 | Ossuary  | Noticed a wraith
  3838 | Ossuary  | Noticed a flying skull
  3847 | Ossuary  | Noticed a flying skull
  3871 | Ossuary  | Noticed a flying skull
  3924 | Ossuary  | Noticed a flying skull
  3929 | Ossuary  | Noticed a flying skull
  3930 | Ossuary  | Noticed a wraith
  3942 | Ossuary  | Mangled by a wraith

Illustrated notes

Levels and vault maps discovered:
D:1:      lightli_arrival_farm, layout_loops_corners,
          shapermc_ecumenical_altar_ellora, st_stairs_5
D:2:      layout_basic, basic_altar
D:3:      layout_loops_ring
D:4:      cheibrodos_barr_body, layout_gridville,
          lightli_ossuary_entry_decrepit_ruins
Ossuary:  ossuary_due_cavern

Skill      XL: |  1  2  3  4  5  6  7 |
---------------+----------------------+-----
Fighting       | 1 2 3 |  3.2
Stealth        | 3 4 |  4.0
Ice Magic      | 5 6 |  6.4
Spellcasting   | 3 |  3.6
Evocations     | 1 |  1.3
Dodging        | |  2.0

Action                   |  1- 3 |  4- 6 |  7- 9 || total
-------------------------+-------+-------+-------++-------
Melee: Spear             |    99 |    87 |   107 ||   293
       Punch             |     1 |     3 |     1 ||     5
Throw: Dart              |       |     4 |       ||     4
 Cast: Freeze            |    24 |    42 |     1 ||    67
       Ensorcelled Hiber |     3 |     2 |       ||     5
       Frozen Ramparts   |       |     3 |     8 ||    11
 Stab: Sleeping          |     5 |     5 |    10 ||    20
       Distracted        |     1 |     1 |       ||     2
Armor: Robe              |    15 |    21 |    27 ||    63
Dodge: Dodged            |    44 |    63 |    52 ||   159
